Falcons vs Wolves

Created - Sunday, April 17, 2016 at 00:22

Goals
1 2 3 OT1 OT2 OT3 T
Falcons 0 0 1 0 0 1 2
Wolves 0 1 0 0 0 0 1
Shots
1 2 3 OT1 OT2 OT3 T
Falcons 6 5 12 11 5 6 45
Wolves 8 15 4 12 13 3 55

1st period

No Goal

Penalties :
Adam Pelech (CHI) for Fighting (Major) at 1:39, Robert Hagg (SPR) for Fighting (Major) at 1:39, Blair Jones (CHI) for Holding (Minor) at 8:28, Jonathan Marchessault (SPR) for Interference (Minor) at 14:28

2nd period

1. Wolves , Joe Vitale 1 (Ryan Reaves) at 4:24 (PP)

Penalties :
Jacob De La Rose (SPR) for Holding Stick (Minor) at 4:16

3rd period

2. Falcons , Tobias Rieder 1 (Dmitrij Jaskin) at 10:38

Penalties :
Kevin Lynch (CHI) for Fighting (Major) at 3:56, Dylan Blujus (SPR) for Fighting (Major) at 3:56, Tobias Rieder (SPR) for Tripping (Minor) at 7:10

Overtime #1

No Goal

Penalties :
Brian O'Neill (CHI) for Holding (Minor) at 3:49, Nathan Beaulieu (SPR) for Holding (Minor) at 4:32

Overtime #2

No Goal

Penalties :
Blair Jones (CHI) for Delaying the game (Minor) at 7:09, Andrey Makarov (SPR) for Slashing (Minor) at 8:29 - Ville Pokka served the penalty, Zach Miskovic (CHI) for Interference (Minor) at 13:33

Overtime #3

3. Falcons , Jonathan Marchessault 1 (Freddie Hamilton, Ville Pokka) at 6:38

Penalties :
No Penalty

Goalie Stats

Andrey Makarov (SPR), 54 saves from 55 shots - (0.982), W, 1-0-0, 106:38 minutes
Jared Coreau (CHI), 43 saves from 45 shots - (0.956), OTL, 1-1-1, 106:38 minutes

Players Stats for Falcons

Player Name              G  A  P  +/- PIM S  H  SB GA TA FO     MP     PP MP  PK MP  
------------------------------------------------------------------------------------
Brandon Davidson         0  0  0   1  0   3  2  2  0  2  0/0    35:15   3:39   3:13 
Dmitrij Jaskin           0  1  1   1  0   4  4  0  9  1  0/1    28:53   3:25   2:24 
Drayson Bowman           0  0  0   0  0   0  0  0  1  0  0/0    18:22   0:00   0:00 
Dylan Blujus             0  0  0   0  5   2  1  1  0  4  0/0    30:26   0:00   2:21 
Emile Poirier            0  0  0   0  0   7  3  1  3  1  1/1    25:15   0:00   0:00 
Freddie Hamilton         0  1  1   1  0   8  3  0  7  0  2/4    30:03   2:36   0:00 
Greg Rallo               0  0  0   0  0   5  2  0  2  0  0/1    26:23   0:00   0:00 
Henrik Tommernes         0  0  0   0  0   0  0  2  0  4  0/0    29:14   2:22   0:00 
Jacob De La Rose         0  0  0   1  2   1  6  2  1  1  5/17   34:42   2:36   3:32 
Joey Hishon              0  0  0   0  0   3  0  1  1  0  8/16   30:30   2:36   2:20 
Jonathan Marchessault    1  0  1   1  2   5  2  1  2  0  2/3    28:29   0:54   0:00 
Markus Granlund          0  0  0   1  0   2  2  1  2  0  12/22  30:17   3:01   2:01 
Michael Kostka           0  0  0   1  0   0  0  0  0  2  0/0    11:51   0:00   0:00 
Nathan Beaulieu          0  0  0   2  2   2  2  0  0  0  0/0    43:57   3:38   2:30 
Robert Hagg              0  0  0   0  5   0  1  0  0  3  0/0    27:47   0:00   1:40 
Shane Harper             0  0  0   0  0   0  1  1  1  3  0/0    18:22   0:00   0:00 
Tobias Rieder            1  0  1   1  2   3  3  4  1  1  6/10   38:29   2:55   2:01 
Ville Pokka              0  1  1   0  0   0  2  2  1  2  0/0    36:50   2:22   2:39 

Players Stats for Wolves

Player Name              G  A  P  +/- PIM S  H  SB GA TA FO     MP     PP MP  PK MP  
------------------------------------------------------------------------------------
Adam Pelech              0  0  0  -1  5   2  2  3  0  1  0/0    26:07   0:00   0:00 
Andre Benoit             0  0  0   0  0   8  1  1  4  4  0/0    42:37   2:52   3:43 
Blair Jones              0  0  0  -1  4   4  2  2  3  0  1/5    30:09   2:18   0:55 
Brian O'Neill            0  0  0   0  2   1  3  2  3  0  0/0    30:49   3:51   0:29 
Chris Brown              0  0  0   0  0   2  3  0  11 0  9/14   23:38   1:09   0:00 
Cody Goloubef            0  0  0   0  0   4  3  2  0  3  0/0    42:37   2:52   3:43 
Colton Sissons           0  0  0   0  0   3  6  1  1  0  12/19  30:11   3:12   0:29 
Evan Rankin              0  0  0   0  0   4  0  0  1  0  0/0    23:10   1:09   0:00 
Joe Piskula              0  0  0  -1  0   2  0  3  0  4  0/0    36:35   3:17   2:18 
Joe Vitale               1  0  1  -1  0   5  3  0  3  3  14/26  32:48   1:48   3:10 
Joe Whitney              0  0  0   0  0   3  1  1  3  1  0/0    30:37   3:12   1:33 
Josh Anderson            0  0  0  -1  0   1  1  1  0  0  0/0    18:03   0:00   0:00 
Kevin Lynch              0  0  0  -1  5   0  1  3  0  0  1/7    17:34   0:00   0:00 
Ryan Reaves              0  1  1  -1  0   7  5  0  5  1  0/1    32:48   1:48   3:10 
Ryan Sproul              0  0  0  -1  0   1  2  1  0  1  0/0    37:40   3:17   2:18 
Scott Kosmachuk          0  0  0  -1  0   5  0  0  4  0  1/2    20:19   0:00   2:16 
Sebastian Wannstrom      0  0  0   0  0   0  1  0  0  0  1/1    21:44   0:00   0:00 
Zach Miskovic            0  0  0  -1  2   3  1  3  0  2  0/0    27:42   0:00   0:00 

3 Stars

1 - Andrey Makarov (SPR)
2 - Jared Coreau (CHI)
3 - Tobias Rieder (SPR)

Power Play

Falcons - 0 on 4 Attempt(s) - 0.00%
Wolves - 1 on 5 Attempt(s) - 20.00%

Penalty Kill

Falcons - 4 on 5 Attempt(s) - 80.00% - Score 0 goal in Penalty Kill
Wolves - 4 on 4 Attempt(s) - 100.00% - Score 0 goal in Penalty Kill

Team Stat

Falcons - Hits : 34 - Faceoff Wins : 36 - Blocked Shots : 18 - Penalty Minutes : 18
Wolves - Hits : 35 - Faceoff Wins : 39 - Blocked Shots : 23 - Penalty Minutes : 18

Official

Referees : Unknown
Linesman : Unknown

Game Notes

Adam Pelech and Robert Hagg fight to a draw at 1:39 of 1st period
Kevin Lynch beats up Dylan Blujus at 3:56 of 3rd period

Finance

Level 1 -- Attendance: 1615 (80.75%) -- Ticket Income $40,375
Level 2 -- Attendance: 851 (85.10%) -- Ticket Income $6,808
Total Attendance: 2466 (82.20%)
Total Ticket Income: $47,183
Other Income: $23,120
Total Income: $70,303

Falcons

5 vs 5 Forward 
   Center                   Left Wing                Right Wing               Time % Phy DF OF 
 1 Markus Granlund          Dmitrij Jaskin           Tobias Rieder            35     1   2  2  
 2 Jacob De La Rose         Jonathan Marchessault    Freddie Hamilton         30     1   2  2  
 3 Joey Hishon              Emile Poirier            Greg Rallo               22     1   2  2  
 4 Tobias Rieder            Drayson Bowman           Shane Harper             13     1   2  2  

5 vs 5 Defense 
   Defense                  Defense                                           Time % Phy DF OF 
 1 Nathan Beaulieu          Brandon Davidson                                  35     1   2  2  
 2 Dylan Blujus             Ville Pokka                                       30     1   2  2  
 3 Henrik Tommernes         Robert Hagg                                       22     1   2  2  
 4 Michael Kostka           Nathan Beaulieu                                   13     1   2  2  

PowerPlay Forward 
   Center                   Left Wing                Right Wing               Time % Phy DF OF 
 1 Markus Granlund          Dmitrij Jaskin           Tobias Rieder            60     1   2  2  
 2 Joey Hishon              Jacob De La Rose         Freddie Hamilton         40     1   2  2  

PowerPlay Defense
   Defense                  Defense                                           Time % Phy DF OF 
 1 Nathan Beaulieu          Brandon Davidson                                  60     1   2  2  
 2 Henrik Tommernes         Ville Pokka                                       40     1   2  2  

Penalty Kill 4 Players Forward 
   Center                   Wing                     Time % Phy DF OF 
 1 Jacob De La Rose         Tobias Rieder            60     1   2  2  
 2 Markus Granlund          Freddie Hamilton         40     1   2  2  

Penalty Kill 4 Players Defense
   Defense                  Defense                  Time % Phy DF OF 
 1 Nathan Beaulieu          Brandon Davidson         60     1   2  2  
 2 Dylan Blujus             Ville Pokka              40     1   2  2  

Penalty Kill - 3 Players Forward 
   Forward                                           Time % Phy DF OF 
 1 Jacob De La Rose                                  60     1   2  2  
 2 Markus Granlund                                   40     1   2  2  

Penalty Kill - 3 Players Defense
   Defense                  Defense                  Time % Phy DF OF 
 1 Nathan Beaulieu          Brandon Davidson         60     1   2  2  
 2 Dylan Blujus             Ville Pokka              40     1   2  2  

4 vs 4 Forward 
   Center                   Wing                     Time % Phy DF OF 
 1 Markus Granlund          Jacob De La Rose         60     1   2  2  
 2 Joey Hishon              Dmitrij Jaskin           40     1   2  2  

4 vs 4 Defense
   Defense                  Defense                  Time % Phy DF OF 
 1 Nathan Beaulieu          Brandon Davidson         60     1   2  2  
 2 Henrik Tommernes         Ville Pokka              40     1   2  2  

Last Minutes Offensive
   Center                   Left Wing                Right Wing               Defense                  Defense                  
   Markus Granlund          Dmitrij Jaskin           Tobias Rieder            Nathan Beaulieu          Brandon Davidson         

Last Minutes Defensive
   Center                   Left Wing                Right Wing               Defense                  Defense                  
   Markus Granlund          Jacob De La Rose         Tobias Rieder            Nathan Beaulieu          Brandon Davidson         

Goaltenders
Starting : Andrey Makarov           
Backup : Christopher Gibson       

Extra Forwards
Normal : Joey Hishon, Emile Poirier, Greg Rallo - PP : Jonathan Marchessault, Shane Harper - PK : Joey Hishon
Extra Defensemen
Normal : Robert Hagg, Henrik Tommernes, Michael Kostka - PP : Robert Hagg - PK : Robert Hagg, Henrik Tommernes
Penalty Shots
Tobias Rieder, Dmitrij Jaskin, Markus Granlund, Jacob De La Rose, Joey Hishon

Wolves

5 vs 5 Forward 
   Center                   Left Wing                Right Wing               Time % Phy DF OF 
 1 Joe Vitale               Blair Jones              Ryan Reaves              35     1   2  2  
 2 Colton Sissons           Joe Whitney              Brian O'Neill            30     1   2  2  
 3 Chris Brown              Sebastian Wannstrom      Evan Rankin              22     1   2  2  
 4 Kevin Lynch              Josh Anderson            Scott Kosmachuk          13     1   2  2  

5 vs 5 Defense 
   Defense                  Defense                                           Time % Phy DF OF 
 1 Andre Benoit             Cody Goloubef                                     35     1   2  2  
 2 Ryan Sproul              Joe Piskula                                       30     1   2  2  
 3 Adam Pelech              Zach Miskovic                                     22     1   2  2  
 4 Andre Benoit             Cody Goloubef                                     13     1   2  2  

PowerPlay Forward 
   Center                   Left Wing                Right Wing               Time % Phy DF OF 
 1 Joe Vitale               Blair Jones              Ryan Reaves              60     1   2  2  
 2 Colton Sissons           Joe Whitney              Brian O'Neill            40     1   2  2  

PowerPlay Defense
   Defense                  Defense                                           Time % Phy DF OF 
 1 Andre Benoit             Cody Goloubef                                     60     1   2  2  
 2 Ryan Sproul              Joe Piskula                                       40     1   2  2  

Penalty Kill 4 Players Forward 
   Center                   Wing                     Time % Phy DF OF 
 1 Joe Vitale               Ryan Reaves              60     1   2  2  
 2 Blair Jones              Brian O'Neill            40     1   2  2  

Penalty Kill 4 Players Defense
   Defense                  Defense                  Time % Phy DF OF 
 1 Andre Benoit             Cody Goloubef            60     1   2  2  
 2 Ryan Sproul              Joe Piskula              40     1   2  2  

Penalty Kill - 3 Players Forward 
   Forward                                           Time % Phy DF OF 
 1 Joe Vitale                                        60     1   2  2  
 2 Ryan Reaves                                       40     1   2  2  

Penalty Kill - 3 Players Defense
   Defense                  Defense                  Time % Phy DF OF 
 1 Andre Benoit             Cody Goloubef            60     1   2  2  
 2 Ryan Sproul              Joe Piskula              40     1   2  2  

4 vs 4 Forward 
   Center                   Wing                     Time % Phy DF OF 
 1 Joe Vitale               Ryan Reaves              60     1   2  2  
 2 Blair Jones              Brian O'Neill            40     1   2  2  

4 vs 4 Defense
   Defense                  Defense                  Time % Phy DF OF 
 1 Andre Benoit             Cody Goloubef            60     1   2  2  
 2 Ryan Sproul              Joe Piskula              40     1   2  2  

Last Minutes Offensive
   Center                   Left Wing                Right Wing               Defense                  Defense                  
   Joe Vitale               Blair Jones              Ryan Reaves              Andre Benoit             Cody Goloubef            

Last Minutes Defensive
   Center                   Left Wing                Right Wing               Defense                  Defense                  
   Joe Vitale               Blair Jones              Ryan Reaves              Andre Benoit             Cody Goloubef            

Goaltenders
Starting : Jared Coreau             
Backup : Evgeni Nabokov           

Extra Forwards
Normal : Chris Brown, Evan Rankin, Scott Kosmachuk - PP : Chris Brown, Evan Rankin - PK : Scott Kosmachuk
Extra Defensemen
Normal : Adam Pelech, Zach Miskovic, Ryan Sproul - PP : Adam Pelech - PK : Zach Miskovic, Ryan Sproul
Penalty Shots
Joe Vitale, Ryan Reaves, Blair Jones, Brian O'Neill, Colton Sissons

% Time on Ice - Falcons

Lines # - Real PCT - Wanted PCT - Time Play
Normal Forward
1 - 27% - 35% - 24:32
2 - 30% - 30% - 27:27
3 - 24% - 22% - 22:12
4 - 20% - 13% - 18:22
Normal Defense
1 - 30% - 35% - 27:43
2 - 32% - 30% - 29:53
3 - 26% - 22% - 23:55
4 - 12% - 13% - 11:02
PP Forward
1 - 57% - 60% - 3:25
2 - 43% - 40% - 2:36
PP Defense
1 - 61% - 60% - 3:39
2 - 39% - 40% - 2:22
PK Forward
1 - 100% - 60% - 6:09
2 - 0% - 40% - 0:00
PK Defense
1 - 52% - 60% - 3:13
2 - 48% - 40% - 2:56
PK3 Forward
1 - 0% - 60%
2 - 0% - 40%
PK3 Defense
1 - 0% - 60%
2 - 0% - 40%
44 Forward
1 - 100% - 60% - 1:55
2 - 0% - 40% - 0:00
44 Defense
1 - 35% - 60% - 0:40
2 - 65% - 40% - 1:15
Last Minute Offensive  - 0:00
Last Minute Defensive  - 0:00
Total
Forward - 106:38
Defense - 106:38

% Time on Ice - Wolves

Lines # - Real PCT - Wanted PCT - Time Play
Normal Forward
1 - 28% - 35% - 26:16
2 - 29% - 30% - 26:30
3 - 23% - 22% - 21:44
4 - 20% - 13% - 18:03
Normal Defense
1 - 32% - 35% - 29:28
2 - 32% - 30% - 29:38
3 - 30% - 22% - 27:39
4 - 6% - 13% - 5:48
PP Forward
1 - 48% - 60% - 2:57
2 - 52% - 40% - 3:12
PP Defense
1 - 47% - 60% - 2:52
2 - 53% - 40% - 3:17
PK Forward
1 - 92% - 60% - 5:32
2 - 8% - 40% - 0:29
PK Defense
1 - 62% - 60% - 3:43
2 - 38% - 40% - 2:18
PK3 Forward
1 - 0% - 60%
2 - 0% - 40%
PK3 Defense
1 - 0% - 60%
2 - 0% - 40%
44 Forward
1 - 100% - 60% - 1:55
2 - 0% - 40% - 0:00
44 Defense
1 - 40% - 60% - 0:46
2 - 60% - 40% - 1:09
Last Minute Offensive  - 0:00
Last Minute Defensive  - 0:00
Total
Forward - 106:38
Defense - 106:38

Play by Play

1st period


0:01 of 1st period - Joe Vitale wins face-off versus Markus Granlund in neutral zone.
0:20 of 1st period - Joe Vitale is hit by Markus Granlund and loses puck.
0:29 of 1st period - Backhand shot by Andre Benoit.
0:29 of 1st period - Stopped by Andrey Makarov without a rebound.
0:30 of 1st period - Colton Sissons wins face-off versus Jacob De La Rose in Falcons zone.
0:50 of 1st period - Wrist shot by Freddie Hamilton.
0:50 of 1st period - Stopped by Jared Coreau with a rebound.
0:52 of 1st period - Backhand shot by Freddie Hamilton.
0:52 of 1st period - Shot Misses the Net.
0:54 of 1st period - Snap shot by Freddie Hamilton.
0:54 of 1st period - Deflect By Jonathan Marchessault.
0:54 of 1st period - Stopped by Jared Coreau with a rebound.
0:56 of 1st period - Wrist shot by Freddie Hamilton.
0:56 of 1st period - Stopped by Jared Coreau with a rebound.
1:27 of 1st period - Emile Poirier is hit by Chris Brown and loses puck.
1:39 of 1st period - Adam Pelech and Robert Hagg fight to a draw.
1:39 of 1st period - Penalty to Adam Pelech for Fighting.
1:39 of 1st period - Penalty to Robert Hagg for Fighting.
1:40 of 1st period - Scott Kosmachuk wins face-off versus Tobias Rieder in neutral zone.
1:43 of 1st period - Slapshot by Andre Benoit.
1:43 of 1st period - Shot Blocked by Tobias Rieder.
1:59 of 1st period - Slapshot by Andre Benoit.
1:59 of 1st period - Stopped by Andrey Makarov with a rebound.
3:31 of 1st period - Snap shot by Freddie Hamilton.
3:31 of 1st period - Stopped by Jared Coreau without a rebound.
3:32 of 1st period - Jonathan Marchessault wins face-off versus Chris Brown in Wolves zone.
4:25 of 1st period - Ville Pokka is hit by Colton Sissons and loses puck.
5:25 of 1st period - Tobias Rieder is hit by Joe Vitale and loses puck.
6:18 of 1st period - Joey Hishon is hit by Chris Brown and loses puck.
6:42 of 1st period - Backhand shot by Freddie Hamilton.
6:42 of 1st period - Stopped by Jared Coreau without a rebound.
6:43 of 1st period - Colton Sissons wins face-off versus Jacob De La Rose in Wolves zone.
7:47 of 1st period - Tobias Rieder is hit by Ryan Reaves and loses puck.
8:28 of 1st period - Minor Penalty to Blair Jones for Holding.
8:29 of 1st period - Joe Vitale wins face-off versus Dmitrij Jaskin in Wolves zone.
9:16 of 1st period - Cody Goloubef is hit by Nathan Beaulieu and loses puck.
10:09 of 1st period - Joe Piskula is hit by Jacob De La Rose and loses puck.
10:28 of 1st period - Penalty to Blair Jones is over, Blair Jones is back on ice.
12:32 of 1st period - Wrist shot by Jonathan Marchessault.
12:32 of 1st period - Stopped by Jared Coreau with a rebound.
12:34 of 1st period - Wrist shot by Jacob De La Rose.
12:34 of 1st period - Shot Blocked by Kevin Lynch.
12:59 of 1st period - Joey Hishon is hit by Blair Jones and loses puck.
13:06 of 1st period - Robert Hagg is hit by Blair Jones and loses puck.
14:09 of 1st period - Brandon Davidson is hit by Ryan Reaves and loses puck.
14:14 of 1st period - Snap shot by Blair Jones.
14:14 of 1st period - Stopped by Andrey Makarov with a rebound.
14:16 of 1st period - Snap shot by Joe Vitale.
14:16 of 1st period - Shot Misses the Net.
14:18 of 1st period - Slapshot by Blair Jones.
14:18 of 1st period - Stopped by Andrey Makarov with a rebound.
14:20 of 1st period - Snap shot by Joe Piskula.
14:20 of 1st period - Stopped by Andrey Makarov with a rebound.
14:28 of 1st period - Minor Penalty to Jonathan Marchessault for Interference.
14:29 of 1st period - Colton Sissons wins face-off versus Jacob De La Rose in Falcons zone.
15:56 of 1st period - Joe Vitale is hit by Ville Pokka and loses puck.
16:28 of 1st period - Penalty to Jonathan Marchessault is over, Jonathan Marchessault is back on ice.
16:47 of 1st period - Snap shot by Greg Rallo.
16:47 of 1st period - Deflect By Joey Hishon.
16:47 of 1st period - Shot Blocked by Joe Piskula.
16:47 of 1st period - Puck is out of play.
16:48 of 1st period - Chris Brown wins face-off versus Joey Hishon in Wolves zone.
17:55 of 1st period - Snap shot by Andre Benoit.
17:55 of 1st period - Stopped by Andrey Makarov without a rebound.
17:56 of 1st period - Tobias Rieder wins face-off versus Scott Kosmachuk in Falcons zone.
18:32 of 1st period - Brandon Davidson is hit by Cody Goloubef and loses puck.
18:43 of 1st period - Snap shot by Colton Sissons.
18:43 of 1st period - Stopped by Andrey Makarov without a rebound.
18:44 of 1st period - Colton Sissons wins face-off versus Freddie Hamilton in Falcons zone.
18:55 of 1st period - Freddie Hamilton is hit by Ryan Sproul and loses puck.
19:24 of 1st period - Snap shot by Ryan Reaves.
19:24 of 1st period - Stopped by Andrey Makarov without a rebound.
19:25 of 1st period - Joey Hishon wins face-off versus Blair Jones in Falcons zone.
19:45 of 1st period - Wrist shot by Joey Hishon.
19:45 of 1st period - Shot Misses the Net.
Goals for this period are 0 for Falcons vs 0 for Wolves.
Shots for this period are 6 for Falcons vs 8 for Wolves.

2nd period


0:01 of 2nd period - Markus Granlund wins face-off versus Joe Vitale in neutral zone.
0:04 of 2nd period - Blair Jones is hit by Tobias Rieder and loses puck.
0:48 of 2nd period - Off-side.
0:49 of 2nd period - Freddie Hamilton wins face-off versus Colton Sissons in neutral zone.
1:16 of 2nd period - Wrist shot by Jonathan Marchessault.
1:16 of 2nd period - Shot Misses the Net.
1:36 of 2nd period - Chris Brown is hit by Jacob De La Rose and loses puck.
2:19 of 2nd period - Wrist shot by Andre Benoit.
2:19 of 2nd period - Shot Blocked by Joey Hishon.
2:47 of 2nd period - Snap shot by Andre Benoit.
2:47 of 2nd period - Stopped by Andrey Makarov with a rebound.
2:59 of 2nd period - Wrist shot by Blair Jones.
2:59 of 2nd period - Stopped by Andrey Makarov with a rebound.
3:24 of 2nd period - Icing by Zach Miskovic.
3:25 of 2nd period - Joe Vitale wins face-off versus Tobias Rieder in Wolves zone.
3:32 of 2nd period - Wrist shot by Ryan Reaves.
3:32 of 2nd period - Deflect By Blair Jones.
3:32 of 2nd period - Shot Misses the Net.
3:32 of 2nd period - Puck is out of play.
3:33 of 2nd period - Colton Sissons wins face-off versus Jacob De La Rose in Falcons zone.
3:54 of 2nd period - Wrist shot by Brian O'Neill.
3:54 of 2nd period - Shot Blocked by Jonathan Marchessault.
3:56 of 2nd period - Wrist shot by Colton Sissons.
3:56 of 2nd period - Stopped by Andrey Makarov with a rebound.
3:58 of 2nd period - Wrist shot by Cody Goloubef.
3:58 of 2nd period - Shot Blocked by Ville Pokka.
4:16 of 2nd period - Minor Penalty to Jacob De La Rose for Holding Stick.
4:17 of 2nd period - Joe Vitale wins face-off versus Joey Hishon in Falcons zone.
4:24 of 2nd period - Snap shot by Joe Vitale.
4:24 of 2nd period - Goal by Joe Vitale - Falcons : 0 - Wolves : 1.
4:25 of 2nd period - Markus Granlund wins face-off versus Joe Vitale in neutral zone.
4:42 of 2nd period - Snap shot by Joe Vitale.
4:42 of 2nd period - Stopped by Andrey Makarov with a rebound.
4:48 of 2nd period - Joe Vitale is hit by Tobias Rieder and loses puck.
5:17 of 2nd period - Cody Goloubef is hit by Freddie Hamilton and loses puck.
5:36 of 2nd period - Slapshot by Jonathan Marchessault.
5:36 of 2nd period - Shot Blocked by Andre Benoit.
6:06 of 2nd period - Slapshot by Emile Poirier.
6:06 of 2nd period - Stopped by Jared Coreau with a rebound.
6:45 of 2nd period - Icing by Shane Harper.
6:46 of 2nd period - Tobias Rieder wins face-off versus Kevin Lynch in Falcons zone.
6:57 of 2nd period - Snap shot by Scott Kosmachuk.
6:57 of 2nd period - Stopped by Andrey Makarov with a rebound.
6:59 of 2nd period - Wrist shot by Scott Kosmachuk.
6:59 of 2nd period - Shot Misses the Net.
7:01 of 2nd period - Slapshot by Josh Anderson.
7:01 of 2nd period - Shot Blocked by Tobias Rieder.
7:13 of 2nd period - Snap shot by Scott Kosmachuk.
7:13 of 2nd period - Shot Misses the Net.
7:50 of 2nd period - Slapshot by Ryan Sproul.
7:50 of 2nd period - Shot Blocked by Tobias Rieder.
7:52 of 2nd period - Backhand shot by Ryan Sproul.
7:52 of 2nd period - Shot Blocked by Tobias Rieder.
7:54 of 2nd period - Slapshot by Ryan Reaves.
7:54 of 2nd period - Stopped by Andrey Makarov with a rebound.
8:19 of 2nd period - Brandon Davidson is hit by Colton Sissons and loses puck.
8:39 of 2nd period - Snap shot by Freddie Hamilton.
8:39 of 2nd period - Deflect By Jacob De La Rose.
8:39 of 2nd period - Shot Misses the Net.
8:39 of 2nd period - Puck is out of play.
8:40 of 2nd period - Sebastian Wannstrom wins face-off versus Freddie Hamilton in Wolves zone.
8:40 of 2nd period - Sebastian Wannstrom is hit by Nathan Beaulieu.
8:46 of 2nd period - Slapshot by Evan Rankin.
8:46 of 2nd period - Stopped by Andrey Makarov without a rebound.
8:47 of 2nd period - Chris Brown wins face-off versus Jacob De La Rose in Falcons zone.
8:54 of 2nd period - Wrist shot by Chris Brown.
8:54 of 2nd period - Stopped by Andrey Makarov without a rebound.
8:55 of 2nd period - Chris Brown wins face-off versus Jacob De La Rose in Falcons zone.
9:10 of 2nd period - Snap shot by Evan Rankin.
9:10 of 2nd period - Deflect By Chris Brown.
9:10 of 2nd period - Shot Misses the Net.
9:10 of 2nd period - Puck is out of play.
9:11 of 2nd period - Jacob De La Rose wins face-off versus Blair Jones in Falcons zone.
9:11 of 2nd period - Jacob De La Rose is hit by Joe Vitale.
10:55 of 2nd period - Greg Rallo is hit by Ryan Sproul and loses puck.
11:21 of 2nd period - Snap shot by Markus Granlund.
11:21 of 2nd period - Stopped by Jared Coreau with a rebound.
11:23 of 2nd period - Snap shot by Nathan Beaulieu.
11:23 of 2nd period - Stopped by Jared Coreau without a rebound.
11:24 of 2nd period - Markus Granlund wins face-off versus Kevin Lynch in Wolves zone.
12:16 of 2nd period - Wrist shot by Joey Hishon.
12:16 of 2nd period - Shot Misses the Net.
12:18 of 2nd period - Snap shot by Emile Poirier.
12:18 of 2nd period - Stopped by Jared Coreau with a rebound.
12:20 of 2nd period - Wrist shot by Greg Rallo.
12:20 of 2nd period - Shot Misses the Net.
13:14 of 2nd period - Snap shot by Joe Vitale.
13:14 of 2nd period - Shot Misses the Net.
13:16 of 2nd period - Slapshot by Andre Benoit.
13:16 of 2nd period - Stopped by Andrey Makarov with a rebound.
13:18 of 2nd period - Slapshot by Andre Benoit.
13:18 of 2nd period - Shot Misses the Net.
13:29 of 2nd period - Icing by Dmitrij Jaskin.
13:30 of 2nd period - Markus Granlund wins face-off versus Colton Sissons in Falcons zone.
13:35 of 2nd period - Joe Whitney is hit by Greg Rallo and loses puck.
14:07 of 2nd period - Off-side.
14:08 of 2nd period - Jacob De La Rose wins face-off versus Chris Brown in neutral zone.
14:11 of 2nd period - Wrist shot by Jonathan Marchessault.
14:11 of 2nd period - Shot Misses the Net.
14:21 of 2nd period - Freddie Hamilton is hit by Chris Brown and loses puck.
15:04 of 2nd period - Wrist shot by Joe Vitale.
15:04 of 2nd period - Shot Misses the Net.
15:06 of 2nd period - Slapshot by Adam Pelech.
15:06 of 2nd period - Stopped by Andrey Makarov with a rebound.
15:14 of 2nd period - Wrist shot by Joe Vitale.
15:14 of 2nd period - Shot Blocked by Jacob De La Rose.
15:16 of 2nd period - Slapshot by Adam Pelech.
15:16 of 2nd period - Stopped by Andrey Makarov with a rebound.
15:18 of 2nd period - Slapshot by Zach Miskovic.
15:18 of 2nd period - Shot Blocked by Dylan Blujus.
15:20 of 2nd period - Slapshot by Joe Vitale.
15:20 of 2nd period - Stopped by Andrey Makarov with a rebound.
15:22 of 2nd period - Slapshot by Joe Vitale.
15:22 of 2nd period - Shot Blocked by Jacob De La Rose.
15:24 of 2nd period - Backhand shot by Joe Vitale.
15:24 of 2nd period - Shot Misses the Net.
15:26 of 2nd period - Backhand shot by Zach Miskovic.
15:26 of 2nd period - Stopped by Andrey Makarov with a rebound.
17:07 of 2nd period - Ryan Sproul is hit by Emile Poirier and loses puck.
17:30 of 2nd period - Snap shot by Cody Goloubef.
17:30 of 2nd period - Stopped by Andrey Makarov without a rebound.
17:31 of 2nd period - Markus Granlund wins face-off versus Chris Brown in Falcons zone.
18:01 of 2nd period - Snap shot by Tobias Rieder.
18:01 of 2nd period - Shot Blocked by Zach Miskovic.
18:03 of 2nd period - Slapshot by Nathan Beaulieu.
18:03 of 2nd period - Stopped by Jared Coreau with a rebound.
18:28 of 2nd period - Blair Jones is hit by Dmitrij Jaskin and loses puck.
19:25 of 2nd period - Wrist shot by Joe Whitney.
19:25 of 2nd period - Shot Blocked by Markus Granlund.
19:37 of 2nd period - Ville Pokka is hit by Joe Whitney and loses puck.
19:48 of 2nd period - Wrist shot by Tobias Rieder.
19:48 of 2nd period - Deflect By Shane Harper.
19:48 of 2nd period - Shot Blocked by Brian O'Neill.
19:48 of 2nd period - Puck is out of play.
19:49 of 2nd period - Tobias Rieder wins face-off versus Kevin Lynch in Wolves zone.
19:52 of 2nd period - Snap shot by Drayson Bowman.
19:52 of 2nd period - Shot Misses the Net.
Goals for this period are 0 for Falcons vs 1 for Wolves.
Shots for this period are 5 for Falcons vs 15 for Wolves.

3rd period


0:01 of 3rd period - Markus Granlund wins face-off versus Joe Vitale in neutral zone.
0:33 of 3rd period - Markus Granlund is hit by Ryan Reaves and loses puck.
0:57 of 3rd period - Joe Whitney is hit by Jacob De La Rose and loses puck.
1:33 of 3rd period - Wrist shot by Emile Poirier.
1:33 of 3rd period - Stopped by Jared Coreau with a rebound.
1:49 of 3rd period - Andre Benoit is hit by Greg Rallo and loses puck.
2:00 of 3rd period - Snap shot by Emile Poirier.
2:00 of 3rd period - Stopped by Jared Coreau with a rebound.
2:52 of 3rd period - Sebastian Wannstrom is hit by Jonathan Marchessault and loses puck.
3:56 of 3rd period - Kevin Lynch beats up Dylan Blujus.
3:56 of 3rd period - Penalty to Kevin Lynch for Fighting.
3:56 of 3rd period - Penalty to Dylan Blujus for Fighting.
3:57 of 3rd period - Joey Hishon wins face-off versus Chris Brown in Wolves zone.
4:06 of 3rd period - Wrist shot by Chris Brown.
4:06 of 3rd period - Stopped by Andrey Makarov without a rebound.
4:07 of 3rd period - Chris Brown wins face-off versus Greg Rallo in Falcons zone.
4:22 of 3rd period - Snap shot by Joey Hishon.
4:22 of 3rd period - Stopped by Jared Coreau with a rebound.
4:24 of 3rd period - Backhand shot by Emile Poirier.
4:24 of 3rd period - Deflect By Greg Rallo.
4:24 of 3rd period - Stopped by Jared Coreau without a rebound.
4:25 of 3rd period - Joe Vitale wins face-off versus Jacob De La Rose in Wolves zone.
4:25 of 3rd period - Joe Vitale is hit by Jacob De La Rose.
5:33 of 3rd period - Snap shot by Markus Granlund.
5:33 of 3rd period - Shot Blocked by Blair Jones.
5:49 of 3rd period - Joe Vitale is hit by Robert Hagg and loses puck.
5:58 of 3rd period - Slapshot by Greg Rallo.
5:58 of 3rd period - Stopped by Jared Coreau without a rebound.
5:59 of 3rd period - Colton Sissons wins face-off versus Joey Hishon in Wolves zone.
6:48 of 3rd period - Andre Benoit is hit by Freddie Hamilton and loses puck.
6:59 of 3rd period - Off-side.
7:00 of 3rd period - Chris Brown wins face-off versus Markus Granlund in neutral zone.
7:10 of 3rd period - Minor Penalty to Tobias Rieder for Tripping.
7:11 of 3rd period - Jacob De La Rose wins face-off versus Colton Sissons in Falcons zone.
7:37 of 3rd period - Brian O'Neill is hit by Jacob De La Rose and loses puck.
8:29 of 3rd period - Icing by Colton Sissons.
8:30 of 3rd period - Colton Sissons wins face-off versus Jacob De La Rose in Wolves zone.
8:56 of 3rd period - Penalty to Dylan Blujus is over, Dylan Blujus is back on ice.
9:10 of 3rd period - Penalty to Tobias Rieder is over, Tobias Rieder is back on ice.
9:46 of 3rd period - Drayson Bowman is hit by Cody Goloubef and loses puck.
9:53 of 3rd period - Snap shot by Chris Brown.
9:53 of 3rd period - Deflect By Shane Harper.
9:53 of 3rd period - Shot Blocked by Shane Harper.
9:53 of 3rd period - Puck is out of play.
9:54 of 3rd period - Kevin Lynch wins face-off versus Joey Hishon in Falcons zone.
9:59 of 3rd period - Slapshot by Scott Kosmachuk.
9:59 of 3rd period - Stopped by Andrey Makarov with a rebound.
10:12 of 3rd period - Backhand shot by Greg Rallo.
10:12 of 3rd period - Stopped by Jared Coreau with a rebound.
10:14 of 3rd period - Wrist shot by Joey Hishon.
10:14 of 3rd period - Shot Misses the Net.
10:16 of 3rd period - Wrist shot by Joey Hishon.
10:16 of 3rd period - Shot Blocked by Kevin Lynch.
10:18 of 3rd period - Snap shot by Emile Poirier.
10:18 of 3rd period - Stopped by Jared Coreau with a rebound.
10:20 of 3rd period - Slapshot by Robert Hagg.
10:20 of 3rd period - Shot Blocked by Zach Miskovic.
10:26 of 3rd period - Slapshot by Greg Rallo.
10:26 of 3rd period - Shot Misses the Net.
10:38 of 3rd period - Wrist shot by Tobias Rieder.
10:38 of 3rd period - Goal by Tobias Rieder - Falcons : 1 - Wolves : 1.
10:39 of 3rd period - Joe Vitale wins face-off versus Tobias Rieder in neutral zone.
11:12 of 3rd period - Wrist shot by Tobias Rieder.
11:12 of 3rd period - Shot Blocked by Cody Goloubef.
11:27 of 3rd period - Emile Poirier is hit by Brian O'Neill.
12:36 of 3rd period - Snap shot by Markus Granlund.
12:36 of 3rd period - Shot Misses the Net.
12:48 of 3rd period - Wrist shot by Evan Rankin.
12:48 of 3rd period - Stopped by Andrey Makarov with a rebound.
12:50 of 3rd period - Snap shot by Zach Miskovic.
12:50 of 3rd period - Stopped by Andrey Makarov without a rebound.
12:51 of 3rd period - Joey Hishon wins face-off versus Kevin Lynch in Falcons zone.
13:00 of 3rd period - Snap shot by Emile Poirier.
13:00 of 3rd period - Stopped by Jared Coreau with a rebound.
13:36 of 3rd period - Snap shot by Jacob De La Rose.
13:36 of 3rd period - Stopped by Jared Coreau with a rebound.
13:38 of 3rd period - Snap shot by Jonathan Marchessault.
13:38 of 3rd period - Shot Misses the Net.
14:44 of 3rd period - Shane Harper is hit by Adam Pelech and loses puck.
15:21 of 3rd period - Slapshot by Greg Rallo.
15:21 of 3rd period - Shot Blocked by Adam Pelech.
15:38 of 3rd period - Jacob De La Rose is hit by Adam Pelech.
15:54 of 3rd period - Jonathan Marchessault is hit by Brian O'Neill and loses puck.
16:43 of 3rd period - Henrik Tommernes is hit by Joe Vitale and loses puck.
17:15 of 3rd period - Wrist shot by Dmitrij Jaskin.
17:15 of 3rd period - Stopped by Jared Coreau with a rebound.
17:17 of 3rd period - Backhand shot by Nathan Beaulieu.
17:17 of 3rd period - Shot Misses the Net.
17:19 of 3rd period - Wrist shot by Brandon Davidson.
17:19 of 3rd period - Stopped by Jared Coreau with a rebound.
17:35 of 3rd period - Andre Benoit is hit by Brandon Davidson.
18:37 of 3rd period - Robert Hagg is hit by Josh Anderson and loses puck.
19:05 of 3rd period - Brandon Davidson is hit by Colton Sissons and loses puck.
19:12 of 3rd period - Zach Miskovic is hit by Tobias Rieder and loses puck.
19:23 of 3rd period - Brian O'Neill is hit by Freddie Hamilton.
Goals for this period are 1 for Falcons vs 0 for Wolves.
Shots for this period are 12 for Falcons vs 4 for Wolves.

Overtime #1


0:01 of 1st overtime period - Markus Granlund wins face-off versus Joe Vitale in neutral zone.
0:55 of 1st overtime period - Colton Sissons is hit by Jacob De La Rose and loses puck.
1:02 of 1st overtime period - Freddie Hamilton is hit by Colton Sissons and loses puck.
1:35 of 1st overtime period - Wrist shot by Emile Poirier.
1:35 of 1st overtime period - Deflect By Greg Rallo.
1:35 of 1st overtime period - Shot Misses the Net.
1:35 of 1st overtime period - Puck is out of play.
1:36 of 1st overtime period - Chris Brown wins face-off versus Joey Hishon in Wolves zone.
1:56 of 1st overtime period - Snap shot by Evan Rankin.
1:56 of 1st overtime period - Shot Blocked by Emile Poirier.
1:58 of 1st overtime period - Snap shot by Zach Miskovic.
1:58 of 1st overtime period - Deflect By Chris Brown.
1:58 of 1st overtime period - Shot Misses the Net.
1:58 of 1st overtime period - Puck is out of play.
1:59 of 1st overtime period - Tobias Rieder wins face-off versus Blair Jones in Falcons zone.
2:30 of 1st overtime period - Backhand shot by Tobias Rieder.
2:30 of 1st overtime period - Stopped by Jared Coreau without a rebound.
2:31 of 1st overtime period - Freddie Hamilton wins face-off versus Colton Sissons in Wolves zone.
2:42 of 1st overtime period - Wrist shot by Freddie Hamilton.
2:42 of 1st overtime period - Stopped by Jared Coreau with a rebound.
2:44 of 1st overtime period - Snap shot by Jacob De La Rose.
2:44 of 1st overtime period - Deflect By Jonathan Marchessault.
2:44 of 1st overtime period - Stopped by Jared Coreau without a rebound.
2:45 of 1st overtime period - Colton Sissons wins face-off versus Jacob De La Rose in Wolves zone.
3:06 of 1st overtime period - Slapshot by Freddie Hamilton.
3:06 of 1st overtime period - Deflect By Jacob De La Rose.
3:06 of 1st overtime period - Shot Blocked by Colton Sissons.
3:06 of 1st overtime period - Puck is out of play.
3:07 of 1st overtime period - Markus Granlund wins face-off versus Joe Vitale in Wolves zone.
3:16 of 1st overtime period - Wrist shot by Tobias Rieder.
3:16 of 1st overtime period - Shot Blocked by Blair Jones.
3:18 of 1st overtime period - Wrist shot by Tobias Rieder.
3:18 of 1st overtime period - Shot Blocked by Ryan Sproul.
3:20 of 1st overtime period - Snap shot by Tobias Rieder.
3:20 of 1st overtime period - Stopped by Jared Coreau with a rebound.
3:22 of 1st overtime period - Slapshot by Brandon Davidson.
3:22 of 1st overtime period - Stopped by Jared Coreau without a rebound.
3:23 of 1st overtime period - Blair Jones wins face-off versus Markus Granlund in Wolves zone.
3:23 of 1st overtime period - Blair Jones is hit by Dmitrij Jaskin.
3:33 of 1st overtime period - Snap shot by Blair Jones.
3:33 of 1st overtime period - Stopped by Andrey Makarov without a rebound.
3:34 of 1st overtime period - Jacob De La Rose wins face-off versus Colton Sissons in Falcons zone.
3:34 of 1st overtime period - Jacob De La Rose is hit by Cody Goloubef.
3:49 of 1st overtime period - Minor Penalty to Brian O'Neill for Holding.
3:50 of 1st overtime period - Joe Vitale wins face-off versus Markus Granlund in Wolves zone.
4:32 of 1st overtime period - Minor Penalty to Nathan Beaulieu for Holding.
4:33 of 1st overtime period - Joe Vitale wins face-off versus Markus Granlund in Falcons zone.
4:38 of 1st overtime period - Wrist shot by Joe Vitale.
4:38 of 1st overtime period - Shot Blocked by Henrik Tommernes.
4:40 of 1st overtime period - Wrist shot by Joe Vitale.
4:40 of 1st overtime period - Shot Blocked by Henrik Tommernes.
4:42 of 1st overtime period - Slapshot by Ryan Sproul.
4:42 of 1st overtime period - Deflect By Markus Granlund.
4:42 of 1st overtime period - Stopped by Andrey Makarov without a rebound.
4:43 of 1st overtime period - Joe Vitale wins face-off versus Markus Granlund in Falcons zone.
4:52 of 1st overtime period - Slapshot by Ryan Reaves.
4:52 of 1st overtime period - Stopped by Andrey Makarov without a rebound.
4:53 of 1st overtime period - Joe Vitale wins face-off versus Markus Granlund in Falcons zone.
4:54 of 1st overtime period - Wrist shot by Ryan Reaves.
4:54 of 1st overtime period - Shot Misses the Net.
4:56 of 1st overtime period - Wrist shot by Joe Vitale.
4:56 of 1st overtime period - Shot Misses the Net.
4:58 of 1st overtime period - Wrist shot by Joe Vitale.
4:58 of 1st overtime period - Shot Misses the Net.
5:00 of 1st overtime period - Wrist shot by Joe Piskula.
5:00 of 1st overtime period - Stopped by Andrey Makarov with a rebound.
5:10 of 1st overtime period - Snap shot by Joe Vitale.
5:10 of 1st overtime period - Stopped by Andrey Makarov with a rebound.
5:12 of 1st overtime period - Snap shot by Ryan Reaves.
5:12 of 1st overtime period - Shot Blocked by Ville Pokka.
5:49 of 1st overtime period - Penalty to Brian O'Neill is over, Brian O'Neill is back on ice.
6:32 of 1st overtime period - Penalty to Nathan Beaulieu is over, Nathan Beaulieu is back on ice.
6:34 of 1st overtime period - Nathan Beaulieu is hit by Brian O'Neill and loses puck.
6:39 of 1st overtime period - Slapshot by Joe Whitney.
6:39 of 1st overtime period - Shot Misses the Net.
7:09 of 1st overtime period - Wrist shot by Scott Kosmachuk.
7:09 of 1st overtime period - Shot Misses the Net.
7:11 of 1st overtime period - Snap shot by Zach Miskovic.
7:11 of 1st overtime period - Shot Blocked by Brandon Davidson.
8:12 of 1st overtime period - Snap shot by Joe Whitney.
8:12 of 1st overtime period - Stopped by Andrey Makarov with a rebound.
8:14 of 1st overtime period - Snap shot by Joe Whitney.
8:14 of 1st overtime period - Shot Misses the Net.
8:16 of 1st overtime period - Slapshot by Andre Benoit.
8:16 of 1st overtime period - Deflect By Joe Whitney.
8:16 of 1st overtime period - Stopped by Andrey Makarov with a rebound.
8:18 of 1st overtime period - Wrist shot by Colton Sissons.
8:18 of 1st overtime period - Stopped by Andrey Makarov with a rebound.
8:59 of 1st overtime period - Josh Anderson is hit by Ville Pokka.
9:09 of 1st overtime period - Wrist shot by Freddie Hamilton.
9:09 of 1st overtime period - Stopped by Jared Coreau with a rebound.
9:40 of 1st overtime period - Wrist shot by Markus Granlund.
9:40 of 1st overtime period - Deflect By Emile Poirier.
9:40 of 1st overtime period - Shot Misses the Net.
9:40 of 1st overtime period - Puck is out of play.
9:41 of 1st overtime period - Emile Poirier wins face-off versus Chris Brown in Wolves zone.
10:42 of 1st overtime period - Colton Sissons is hit by Jonathan Marchessault and loses puck.
11:03 of 1st overtime period - Wrist shot by Markus Granlund.
11:03 of 1st overtime period - Shot Misses the Net.
11:05 of 1st overtime period - Snap shot by Markus Granlund.
11:05 of 1st overtime period - Shot Blocked by Cody Goloubef.
11:07 of 1st overtime period - Slapshot by Dylan Blujus.
11:07 of 1st overtime period - Stopped by Jared Coreau with a rebound.
11:09 of 1st overtime period - Wrist shot by Greg Rallo.
11:09 of 1st overtime period - Stopped by Jared Coreau with a rebound.
11:11 of 1st overtime period - Slapshot by Greg Rallo.
11:11 of 1st overtime period - Shot Misses the Net.
11:35 of 1st overtime period - Zach Miskovic is hit by Dylan Blujus and loses puck.
14:10 of 1st overtime period - Andre Benoit is hit by Shane Harper.
14:14 of 1st overtime period - Dylan Blujus is hit by Andre Benoit and loses puck.
14:37 of 1st overtime period - Wrist shot by Emile Poirier.
14:37 of 1st overtime period - Stopped by Jared Coreau with a rebound.
14:45 of 1st overtime period - Snap shot by Greg Rallo.
14:45 of 1st overtime period - Stopped by Jared Coreau with a rebound.
14:57 of 1st overtime period - Wrist shot by Dmitrij Jaskin.
14:57 of 1st overtime period - Stopped by Jared Coreau with a rebound.
15:44 of 1st overtime period - Wrist shot by Joe Vitale.
15:44 of 1st overtime period - Stopped by Andrey Makarov without a rebound.
15:45 of 1st overtime period - Joey Hishon wins face-off versus Blair Jones in Falcons zone.
15:55 of 1st overtime period - Snap shot by Ryan Reaves.
15:55 of 1st overtime period - Stopped by Andrey Makarov with a rebound.
16:19 of 1st overtime period - Wrist shot by Brian O'Neill.
16:19 of 1st overtime period - Stopped by Andrey Makarov without a rebound.
16:20 of 1st overtime period - Colton Sissons wins face-off versus Tobias Rieder in Falcons zone.
16:57 of 1st overtime period - Wrist shot by Dmitrij Jaskin.
16:57 of 1st overtime period - Shot Blocked by Zach Miskovic.
16:59 of 1st overtime period - Wrist shot by Markus Granlund.
16:59 of 1st overtime period - Shot Misses the Net.
17:01 of 1st overtime period - Slapshot by Ville Pokka.
17:01 of 1st overtime period - Shot Blocked by Josh Anderson.
17:13 of 1st overtime period - Markus Granlund is hit by Kevin Lynch and loses puck.
18:10 of 1st overtime period - Colton Sissons is hit by Dmitrij Jaskin.
18:47 of 1st overtime period - Snap shot by Scott Kosmachuk.
18:47 of 1st overtime period - Stopped by Andrey Makarov with a rebound.
19:33 of 1st overtime period - Freddie Hamilton is hit by Zach Miskovic and loses puck.
Goals for this period are 0 for Falcons vs 0 for Wolves.
Shots for this period are 11 for Falcons vs 12 for Wolves.

Overtime #2


0:01 of 2nd overtime period - Joe Vitale wins face-off versus Markus Granlund in neutral zone.
0:04 of 2nd overtime period - Wrist shot by Ryan Reaves.
0:04 of 2nd overtime period - Shot Blocked by Brandon Davidson.
0:06 of 2nd overtime period - Slapshot by Cody Goloubef.
0:06 of 2nd overtime period - Stopped by Andrey Makarov without a rebound.
0:07 of 2nd overtime period - Markus Granlund wins face-off versus Ryan Reaves in Falcons zone.
0:13 of 2nd overtime period - Brandon Davidson is hit by Ryan Reaves and loses puck.
0:29 of 2nd overtime period - Slapshot by Cody Goloubef.
0:29 of 2nd overtime period - Stopped by Andrey Makarov without a rebound.
0:30 of 2nd overtime period - Jacob De La Rose wins face-off versus Colton Sissons in Falcons zone.
0:36 of 2nd overtime period - Off-side.
0:37 of 2nd overtime period - Colton Sissons wins face-off versus Jacob De La Rose in neutral zone.
1:53 of 2nd overtime period - Slapshot by Ryan Reaves.
1:53 of 2nd overtime period - Shot Misses the Net.
1:55 of 2nd overtime period - Slapshot by Andre Benoit.
1:55 of 2nd overtime period - Stopped by Andrey Makarov with a rebound.
2:15 of 2nd overtime period - Backhand shot by Evan Rankin.
2:15 of 2nd overtime period - Stopped by Andrey Makarov without a rebound.
2:16 of 2nd overtime period - Chris Brown wins face-off versus Joey Hishon in Falcons zone.
2:34 of 2nd overtime period - Greg Rallo is hit by Sebastian Wannstrom and loses puck.
3:07 of 2nd overtime period - Snap shot by Jonathan Marchessault.
3:07 of 2nd overtime period - Shot Misses the Net.
3:15 of 2nd overtime period - Wrist shot by Jonathan Marchessault.
3:15 of 2nd overtime period - Shot Misses the Net.
3:17 of 2nd overtime period - Slapshot by Dylan Blujus.
3:17 of 2nd overtime period - Stopped by Jared Coreau with a rebound.
3:19 of 2nd overtime period - Snap shot by Freddie Hamilton.
3:19 of 2nd overtime period - Stopped by Jared Coreau with a rebound.
3:21 of 2nd overtime period - Wrist shot by Freddie Hamilton.
3:21 of 2nd overtime period - Deflect By Jonathan Marchessault.
3:21 of 2nd overtime period - Shot Misses the Net.
3:21 of 2nd overtime period - Puck is out of play.
3:22 of 2nd overtime period - Tobias Rieder wins face-off versus Joe Vitale in Wolves zone.
3:37 of 2nd overtime period - Slapshot by Ryan Reaves.
3:37 of 2nd overtime period - Stopped by Andrey Makarov without a rebound.
3:38 of 2nd overtime period - Tobias Rieder wins face-off versus Joe Vitale in Falcons zone.
3:49 of 2nd overtime period - Wrist shot by Tobias Rieder.
3:49 of 2nd overtime period - Shot Misses the Net.
4:34 of 2nd overtime period - Freddie Hamilton is hit by Colton Sissons and loses puck.
4:39 of 2nd overtime period - Snap shot by Joe Whitney.
4:39 of 2nd overtime period - Stopped by Andrey Makarov without a rebound.
4:40 of 2nd overtime period - Chris Brown wins face-off versus Jacob De La Rose in Falcons zone.
5:27 of 2nd overtime period - Snap shot by Josh Anderson.
5:27 of 2nd overtime period - Stopped by Andrey Makarov with a rebound.
5:29 of 2nd overtime period - Snap shot by Scott Kosmachuk.
5:29 of 2nd overtime period - Stopped by Andrey Makarov with a rebound.
5:31 of 2nd overtime period - Slapshot by Zach Miskovic.
5:31 of 2nd overtime period - Stopped by Andrey Makarov without a rebound.
5:32 of 2nd overtime period - Joey Hishon wins face-off versus Kevin Lynch in Falcons zone.
6:22 of 2nd overtime period - Joe Vitale is hit by Brandon Davidson and loses puck.
7:09 of 2nd overtime period - Minor Penalty to Blair Jones for Delaying the game.
7:10 of 2nd overtime period - Joey Hishon wins face-off versus Joe Vitale in Wolves zone.
8:29 of 2nd overtime period - Slapshot by Andre Benoit.
8:29 of 2nd overtime period - Stopped by Andrey Makarov without a rebound.
8:29 of 2nd overtime period - Minor Penalty to Andrey Makarov for Slashing.
8:30 of 2nd overtime period - Markus Granlund wins face-off versus Joe Vitale in Falcons zone.
8:37 of 2nd overtime period - Slapshot by Ryan Reaves.
8:37 of 2nd overtime period - Deflect By Jacob De La Rose.
8:37 of 2nd overtime period - Stopped by Andrey Makarov with a rebound.
8:39 of 2nd overtime period - Backhand shot by Ryan Reaves.
8:39 of 2nd overtime period - Stopped by Andrey Makarov with a rebound.
9:09 of 2nd overtime period - Penalty to Blair Jones is over, Blair Jones is back on ice.
10:18 of 2nd overtime period - Joey Hishon is hit by Colton Sissons and loses puck.
10:29 of 2nd overtime period - Penalty to Ville Pokka is over, Ville Pokka is back on ice.
11:16 of 2nd overtime period - Snap shot by Josh Anderson.
11:16 of 2nd overtime period - Shot Misses the Net.
11:36 of 2nd overtime period - Wrist shot by Jonathan Marchessault.
11:36 of 2nd overtime period - Shot Blocked by Kevin Lynch.
11:38 of 2nd overtime period - Wrist shot by Freddie Hamilton.
11:38 of 2nd overtime period - Shot Blocked by Adam Pelech.
11:40 of 2nd overtime period - Snap shot by Freddie Hamilton.
11:40 of 2nd overtime period - Stopped by Jared Coreau with a rebound.
12:54 of 2nd overtime period - Brian O'Neill is hit by Markus Granlund and loses puck.
13:09 of 2nd overtime period - Wrist shot by Shane Harper.
13:09 of 2nd overtime period - Shot Blocked by Joe Whitney.
13:33 of 2nd overtime period - Minor Penalty to Zach Miskovic for Interference.
13:34 of 2nd overtime period - Jonathan Marchessault wins face-off versus Joe Vitale in Wolves zone.
13:45 of 2nd overtime period - Icing by Ville Pokka.
13:46 of 2nd overtime period - Joe Vitale wins face-off versus Jonathan Marchessault in Falcons zone.
13:57 of 2nd overtime period - Slapshot by Jonathan Marchessault.
13:57 of 2nd overtime period - Stopped by Jared Coreau without a rebound.
13:58 of 2nd overtime period - Joe Vitale wins face-off versus Joey Hishon in Wolves zone.
14:27 of 2nd overtime period - Wrist shot by Cody Goloubef.
14:27 of 2nd overtime period - Shot Misses the Net.
14:56 of 2nd overtime period - Wrist shot by Scott Kosmachuk.
14:56 of 2nd overtime period - Stopped by Andrey Makarov with a rebound.
14:58 of 2nd overtime period - Snap shot by Blair Jones.
14:58 of 2nd overtime period - Shot Misses the Net.
15:00 of 2nd overtime period - Backhand shot by Joe Piskula.
15:00 of 2nd overtime period - Shot Misses the Net.
15:08 of 2nd overtime period - Slapshot by Scott Kosmachuk.
15:08 of 2nd overtime period - Shot Misses the Net.
15:10 of 2nd overtime period - Slapshot by Ryan Sproul.
15:10 of 2nd overtime period - Shot Misses the Net.
15:33 of 2nd overtime period - Penalty to Zach Miskovic is over, Zach Miskovic is back on ice.
15:34 of 2nd overtime period - Snap shot by Dmitrij Jaskin.
15:34 of 2nd overtime period - Shot Hit the Post.
15:36 of 2nd overtime period - Slapshot by Henrik Tommernes.
15:36 of 2nd overtime period - Deflect By Dmitrij Jaskin.
15:36 of 2nd overtime period - Shot Misses the Net.
15:36 of 2nd overtime period - Puck is out of play.
15:37 of 2nd overtime period - Chris Brown wins face-off versus Markus Granlund in Wolves zone.
16:14 of 2nd overtime period - Andre Benoit is hit by Dmitrij Jaskin and loses puck.
16:51 of 2nd overtime period - Wrist shot by Greg Rallo.
16:51 of 2nd overtime period - Shot Blocked by Brian O'Neill.
16:53 of 2nd overtime period - Snap shot by Brandon Davidson.
16:53 of 2nd overtime period - Shot Misses the Net.
16:55 of 2nd overtime period - Slapshot by Nathan Beaulieu.
16:55 of 2nd overtime period - Shot Blocked by Adam Pelech.
17:38 of 2nd overtime period - Snap shot by Joey Hishon.
17:38 of 2nd overtime period - Stopped by Jared Coreau without a rebound.
17:39 of 2nd overtime period - Joey Hishon wins face-off versus Kevin Lynch in Wolves zone.
18:41 of 2nd overtime period - Slapshot by Drayson Bowman.
18:41 of 2nd overtime period - Shot Blocked by Joe Piskula.
18:43 of 2nd overtime period - Wrist shot by Drayson Bowman.
18:43 of 2nd overtime period - Shot Blocked by Joe Piskula.
Goals for this period are 0 for Falcons vs 0 for Wolves.
Shots for this period are 5 for Falcons vs 13 for Wolves.

Overtime #3


0:01 of 3rd overtime period - Markus Granlund wins face-off versus Joe Vitale in neutral zone.
0:14 of 3rd overtime period - Snap shot by Dmitrij Jaskin.
0:14 of 3rd overtime period - Stopped by Jared Coreau with a rebound.
0:30 of 3rd overtime period - Slapshot by Cody Goloubef.
0:30 of 3rd overtime period - Stopped by Andrey Makarov with a rebound.
0:32 of 3rd overtime period - Wrist shot by Andre Benoit.
0:32 of 3rd overtime period - Deflect By Ryan Reaves.
0:32 of 3rd overtime period - Shot Misses the Net.
0:32 of 3rd overtime period - Puck is out of play.
0:33 of 3rd overtime period - Colton Sissons wins face-off versus Jacob De La Rose in Falcons zone.
1:22 of 3rd overtime period - Evan Rankin is hit by Emile Poirier and loses puck.
1:38 of 3rd overtime period - Snap shot by Joey Hishon.
1:38 of 3rd overtime period - Stopped by Jared Coreau with a rebound.
1:40 of 3rd overtime period - Slapshot by Brandon Davidson.
1:40 of 3rd overtime period - Stopped by Jared Coreau without a rebound.
1:41 of 3rd overtime period - Joe Vitale wins face-off versus Markus Granlund in Wolves zone.
1:52 of 3rd overtime period - Snap shot by Markus Granlund.
1:52 of 3rd overtime period - Shot Misses the Net.
1:56 of 3rd overtime period - Wrist shot by Dmitrij Jaskin.
1:56 of 3rd overtime period - Shot Misses the Net.
1:58 of 3rd overtime period - Snap shot by Markus Granlund.
1:58 of 3rd overtime period - Stopped by Jared Coreau without a rebound.
1:59 of 3rd overtime period - Markus Granlund wins face-off versus Joe Vitale in Wolves zone.
2:02 of 3rd overtime period - Wrist shot by Dmitrij Jaskin.
2:02 of 3rd overtime period - Shot Misses the Net.
2:04 of 3rd overtime period - Snap shot by Dmitrij Jaskin.
2:04 of 3rd overtime period - Stopped by Jared Coreau without a rebound.
2:05 of 3rd overtime period - Colton Sissons wins face-off versus Joey Hishon in Wolves zone.
2:20 of 3rd overtime period - Snap shot by Joe Whitney.
2:20 of 3rd overtime period - Shot Misses the Net.
2:22 of 3rd overtime period - Slapshot by Andre Benoit.
2:22 of 3rd overtime period - Stopped by Andrey Makarov without a rebound.
2:23 of 3rd overtime period - Joey Hishon wins face-off versus Colton Sissons in Falcons zone.
3:08 of 3rd overtime period - Markus Granlund is hit by Ryan Reaves and loses puck.
4:09 of 3rd overtime period - Snap shot by Evan Rankin.
4:09 of 3rd overtime period - Stopped by Andrey Makarov with a rebound.
4:11 of 3rd overtime period - Snap shot by Evan Rankin.
4:11 of 3rd overtime period - Shot Misses the Net.
4:13 of 3rd overtime period - Slapshot by Joe Piskula.
4:13 of 3rd overtime period - Shot Misses the Net.
5:31 of 3rd overtime period - Andre Benoit is hit by Emile Poirier and loses puck.
6:36 of 3rd overtime period - Snap shot by Freddie Hamilton.
6:36 of 3rd overtime period - Shot Misses the Net.
6:38 of 3rd overtime period - Snap shot by Jonathan Marchessault.
6:38 of 3rd overtime period - Goal by Jonathan Marchessault - Falcons : 2 - Wolves : 1.
Goals for this period are 1 for Falcons vs 0 for Wolves.
Shots for this period are 6 for Falcons vs 3 for Wolves.